 Dungeon Crawl Stone Soup version 0.27.0-1-g7a089689b8 (webtiles) character file.

Game seed: 12620217793676467479

1018 ZombieSheep the Protected (level 8, -7/67 HPs)
             Began as a Gnoll Wanderer on Aug 5, 2021.
             Mangled by an orc warrior (14 damage)
             ... on level 6 of the Dungeon.
             The game lasted 00:09:37 (6151 turns).

ZombieSheep the Protected (Gnoll Wanderer)          Turns: 6151, Time: 00:09:37

Health: -7/67      AC:  8    Str: 15    XL:     8   Next: 22%
Magic:  12/12      EV: 10    Int: 10    God:
Gold:   206        SH:  0    Dex: 12    Spells: 13/13 levels left

rFire    . . .     SeeInvis .   a - +2 hand axe (flame)
rCold    . . .     Faith    .   (no shield)
rNeg     + . .     Spirit   .   d - +0 scale mail
rPois    .         Reflect  .   (no helmet)
rElec    .         Harm     .   (no cloak)
rCorr    .         Rampage  .   (no gloves)
Will     .....                  (no boots)
Stlth    +.........             n - amulet of regeneration
HPRegen  1.21/turn              h - ring of positive energy
MPRegen  0.13/turn              (no ring)

@: no status effects
A: fangs 1, strong nose, distributed training
a: no special abilities


You were on level 6 of the Dungeon.
You visited 1 branch of the dungeon, and saw 6 of its levels.

You collected 206 gold pieces.

Inventory:

Hand Weapons
 a - a +2 hand axe of flaming (weapon)
 b - a +2 hunting sling of freezing
 c - a +1 short sword of draining
Missiles
 l - 76 stones (quivered)
 m - 4 boomerangs
Armour
 d - a +0 scale mail (worn)
 r - a +0 chain mail
Jewellery
 h - a ring of positive energy (left hand)
 n - an amulet of regeneration (around neck)
Scrolls
 o - a scroll of vulnerability
 s - 3 scrolls of teleportation
 t - a scroll of noise {unknown}
 u - a scroll of identify
Potions
 e - 2 potions of heal wounds {unknown}
 f - a potion of berserk rage {unknown}
 g - 2 potions of mutation
 i - a potion of resistance {unknown}
 j - a potion of degeneration {unknown}
 k - a potion of lignification
 p - a potion of might {unknown}
 q - a potion of ambrosia {unknown}


   Skills:
 + Level 7.3 Fighting
 + Level 3.1 Short Blades
 + Level 3.1 Long Blades
 + Level 4.0 Axes
 + Level 3.1 Maces & Flails
 + Level 3.1 Polearms
 + Level 3.1 Staves
 + Level 3.1 Slings
 + Level 3.1 Bows
 + Level 3.1 Crossbows
 + Level 5.5 Throwing
 + Level 9.1 Armour
 + Level 3.1 Dodging
 + Level 3.1 Stealth
 + Level 3.1 Shields
 + Level 3.1 Unarmed Combat
 + Level 3.1 Spellcasting
 + Level 2.5 Conjurations
 + Level 2.5 Hexes
 + Level 2.5 Summonings
 + Level 2.5 Necromancy
 + Level 2.5 Translocations
 + Level 2.5 Transmutations
 + Level 2.5 Fire Magic
 + Level 2.5 Ice Magic
 + Level 2.5 Air Magic
 + Level 2.5 Earth Magic
 + Level 2.5 Poison Magic
 + Level 3.4 Invocations
 + Level 3.1 Evocations


You had 13 spell levels left.
You didn't know any spells.
Your spell library contained the following spells:

 Spells                   Type           Power      Damage    Failure   Level
 Animate Skeleton         Necr           12%        N/A       30%         1
 Apportation              Tloc           12%        N/A       30%         1
 Corona                   Hex            6%         N/A       30%         1
 Summon Small Mammal      Summ           24%        N/A       30%         1
 Gell's Gravitas          Tloc           3%         N/A       67%         3
 Inner Flame              Hex/Fire       6%         N/A       67%         3
 Lesser Beckoning         Tloc           3%         N/A       67%         3
 Teleport Other           Tloc           6%         N/A       67%         3
 Cause Fear               Hex            3%         N/A       97%         4
 Dispersal                Tloc           3%         N/A       100%        6
 Discord                  Hex            3%         N/A       100%        8


Dungeon Overview and Level Annotations

Branches:
Dungeon (6/15)
 Temple: D:4-7

Altars:
Ashenzari
Fedhas
Nemelex Xobeh
Sif Muna
Trog

Shops:
D:5 :


Innate Abilities, Weirdness & Mutations

You have very sharp teeth.
Your uncanny sense of smell can sniff out nearby items.
Your experience applies equally to all skills.


Message History

Your +2 hunting sling of freezing stops glowing.
Your +2 hand axe of flaming bursts into flame!
a - a +2 hand axe of flaming (weapon)
You hit the orc warrior but do no damage.
The orc warrior is lightly wounded.
An orc priest comes into view. It is wielding a +0 dagger.
The orc warrior hits you with a +0 battleaxe.
You hit the orc warrior. You burn the orc warrior.
The orc warrior is moderately wounded.
You hit the yak. You burn the yak. The orc warrior barely misses you.
The yak barely misses you.
You barely miss the orc warrior.
The orc warrior is moderately wounded.
You hit the yak. You burn the yak.
The orc warrior hits you with a +0 battleaxe!
The yak gores you but does no damage.
You closely miss the orc warrior.
The orc warrior is moderately wounded.
You hit the yak. You burn the yak.
The orc warrior hits you with a +0 battleaxe!
The yak gores you.
You hit the orc warrior but do no damage.
The orc warrior is moderately wounded.
You hit the yak but do no damage.
The orc warrior hits you with a +0 battleaxe!
The yak gores you!
* * * LOW HITPOINT WARNING * * *
You closely miss the orc warrior. Your bite misses the orc warrior.
The orc warrior is moderately wounded.
You hit the yak but do no damage.
The orc warrior hits you with a +0 battleaxe!
* * * LOW HITPOINT WARNING * * *
The yak gores you.
* * * LOW HITPOINT WARNING * * *
You closely miss the yak.
The yak is moderately wounded.
Your scale mail prevents you from hitting the orc warrior.
The orc warrior closely misses you. The yak gores you but does no damage.
The orc warrior hits you with a +0 battleaxe!
You die...

##.... ............#
....#
Y...................
#..##
...................
.....
.Y......<.........
.# .Y...............
# #YY..............
####
#Y#..............
...###
#Y#..............
.....####
#@#..............
.#.#.>..##
#o#.>............
.#....#..###
#.#..............
.####.##...##
#o..############# .#
#.####..## #..## ..
#.# ##..###..# ..
#.. ##......# ..
############..#
≈≈≈≈≈≈≈≈≈#..#


You could see 6 yaks, an orc warrior and an orc priest.

Vanquished Creatures
  Eustachio (D:5)
  An ice beast (D:6)
  An orc warrior (D:4)
  An ogre (D:5)
  A scorpion (D:5)
  A water moccasin skeleton (D:5)
  2 jellies (D:3)
  A centaur skeleton (D:5)
  2 hounds (D:5)
  3 iguanas
  An orc wizard (D:3)
  2 hound skeletons (D:4)
  7 gnolls
  3 adders
  An ufetubus (D:5)
  An adder skeleton (D:4)
  18 orcs
  3 ball pythons
  13 endoplasms
  4 giant cockroaches
  6 goblins
  13 hobgoblins
  6 jackals
  4 quokkas
  6 bats
  A frilled lizard (D:2)
  11 kobolds
  3 rats
117 creatures vanquished.

Vanquished Creatures (others)
  7 fungi (D:3)
  3 plants (D:2)
  6 toadstools (D:3)
16 creatures vanquished.

Grand Total: 133 creatures vanquished

Notes
Turn   | Place    | Note
-------+----------+-------------------------------------------
     0 | D:1      | ZombieSheep the Gnoll Wanderer began the quest for the Orb.
     0 | D:1      | ZombieSheep set off with the following items: a +2 hand
                  | axe, a potion of lignification, a +0 ring mail
     0 | D:1      | Reached XP level 1. HP: 23/23 MP: 1/1
   847 | D:1      | Reached XP level 2. HP: 29/29 MP: 2/2
  1165 | D:2      | Reached XP level 3. HP: 32/35 MP: 3/3
  1633 | D:3      | Reached skill level 1 in Invocations
  1885 | D:3      | Reached skill level 1 in Short Blades
  1885 | D:3      | Reached skill level 1 in Long Blades
  1885 | D:3      | Reached skill level 1 in Maces & Flails
  1885 | D:3      | Reached skill level 1 in Polearms
  1885 | D:3      | Reached skill level 1 in Staves
  1885 | D:3      | Reached skill level 1 in Slings
  1885 | D:3      | Reached skill level 1 in Bows
  1885 | D:3      | Reached skill level 1 in Crossbows
  1885 | D:3      | Reached skill level 1 in Dodging
  1885 | D:3      | Reached skill level 1 in Stealth
  1885 | D:3      | Reached skill level 1 in Shields
  1885 | D:3      | Reached skill level 1 in Unarmed Combat
  1885 | D:3      | Reached skill level 1 in Spellcasting
  1885 | D:3      | Reached skill level 1 in Evocations
  2047 | D:3      | Reached XP level 4. HP: 41/41 MP: 5/5
  2053 | D:3      | Reached skill level 1 in Conjurations
  2053 | D:3      | Reached skill level 1 in Hexes
  2053 | D:3      | Reached skill level 1 in Summonings
  2053 | D:3      | Reached skill level 1 in Necromancy
  2053 | D:3      | Reached skill level 1 in Translocations
  2053 | D:3      | Reached skill level 1 in Transmutations
  2053 | D:3      | Reached skill level 1 in Fire Magic
  2053 | D:3      | Reached skill level 1 in Ice Magic
  2053 | D:3      | Reached skill level 1 in Air Magic
  2053 | D:3      | Reached skill level 1 in Earth Magic
  2053 | D:3      | Reached skill level 1 in Poison Magic
  2227 | D:3      | Reached XP level 5. HP: 12/47 MP: 5/7
  2893 | D:3      | Found a shimmering blue altar of Sif Muna.
  3572 | D:4      | Found a bloodstained altar of Trog.
  3572 | D:4      | Found a blossoming altar of Fedhas.
  3825 | D:4      | Reached XP level 6. HP: 33/53 MP: 8/8
  4186 | D:4      | Reached skill level 5 in Throwing
  4460 | D:4      | Noticed an orc warrior
  4479 | D:4      | Killed an orc warrior
  5109 | D:5      | Entered Level 5 of the Dungeon
  5118 | D:5      | Reached XP level 7. HP: 57/59 MP: 10/10
  5173 | D:5      | Found Qugo's Book Boutique.
  5592 | D:5      | Reached skill level 9 in Armour
  5674 | D:5      | Found a broken altar of Ashenzari.
  5744 | D:5      | Noticed Eustachio
  5760 | D:5      | Killed Eustachio
  5761 | D:5      | Reached XP level 8. HP: 63/67 MP: 10/12
  5881 | D:5      | Found a sparkling altar of Nemelex Xobeh.
  6139 | D:6      | Noticed a yak
  6139 | D:6      | Noticed a yak
  6139 | D:6      | Noticed a yak
  6139 | D:6      | Noticed a yak
  6140 | D:6      | Noticed a yak
  6142 | D:6      | Noticed a yak
  6151 | D:6      | Mangled by an orc warrior

Illustrated notes

Levels and vault maps discovered:
D:1:      lemuel_arrival_rhombus, layout_basic, minmay_misc_feat_ornament
D:2:      layout_rooms, minivault_23, serial_bayou_ford_a
D:3:      cheibrodos_fertilizer, layout_loops_ring, lemuel_blue_sif_altar
D:4:      layout_basic, chequers_temple_overflow_statue_of_worship,
          nrook_campfire
D:5:      layout_loops_ring, nemelex_diamond_rough_becter,
          mainiacjoe_overflow_small_starburst, nicolae_stop_n_shop_2,
          uniq_eustachio
D:6:      layout_rooms, minmay_temple_entry_statues_pillars,
          serial_corexii_hall, chequers_hall_statues_corner_a,
          corexii_hall_statues_l, corexii_hall_statues_i,
          amcnicky_mini_rare_corridor_liquid, nicolae_underground_beach,
          uniq_duvessa

Skill      XL: |  1  2  3  4  5  6  7  8 |
---------------+-------------------------+-----
Invocations    | 1 2 3 |  3.4
Short Blades   | 1 2 3 |  3.1
Long Blades    | 1 2 3 |  3.1
Maces & Flails | 1 2 3 |  3.1
Polearms       | 1 2 3 |  3.1
Staves         | 1 2 3 |  3.1
Slings         | 1 2 3 |  3.1
Bows           | 1 2 3 |  3.1
Crossbows      | 1 2 3 |  3.1
Dodging        | 1 2 3 |  3.1
Stealth        | 1 2 3 |  3.1
Shields        | 1 2 3 |  3.1
Unarmed Combat | 1 2 3 |  3.1
Spellcasting   | 1 2 3 |  3.1
Evocations     | 1 2 3 |  3.1
Conjurations   | 1 2 |  2.5
Hexes          | 1 2 |  2.5
Summonings     | 1 2 |  2.5
Necromancy     | 1 2 |  2.5
Translocations | 1 2 |  2.5
Transmutations | 1 2 |  2.5
Fire Magic     | 1 2 |  2.5
Ice Magic      | 1 2 |  2.5
Air Magic      | 1 2 |  2.5
Earth Magic    | 1 2 |  2.5
Poison Magic   | 1 2 |  2.5
Axes           | 3 4 |  4.0
Throwing       | 5 |  5.5
Fighting       | 7 |  7.3
Armour         | 9 |  9.1

Action                   |  1- 3 |  4- 6 |  7- 9 || total
-------------------------+-------+-------+-------++-------
Melee: Hand axe          |   118 |    93 |     7 ||   218
       Bite              |     6 |    12 |       ||    18
       Punch             |       |     1 |       ||     1
 Fire: Hunting sling     |       |   131 |   119 ||   250
Throw: Throwing net      |       |     1 |       ||     1
  Use: Scroll            |     1 |     4 |     2 ||     7
       Potion            |       |     1 |       ||     1
Armor: Scale mail        |    54 |    76 |    38 ||   168
       Skin              |       |     7 |       ||     7
Dodge: Dodged            |    53 |    67 |    50 ||   170
